 Dungeon Crawl Stone Soup version 0.29.1-1-gd02db6906a (webtiles) character file.

Game seed: 16575156537854635947

197 Earthwalker the Shield-Bearer (level 5, -1/47 HPs)
             Began as a Minotaur Fighter on Oct 12, 2022.
             Slain by a kobold
             ... wielding a +2 short sword of electrocution
              (2 damage)
             ... in a sewer.
             The game lasted 00:08:53 (3075 turns).

Earthwalker the Shield-Bearer (Minotaur Fighter)    Turns: 3075, Time: 00:08:54

Health: -1/47      AC:  0    Str: 22    XL:     5   Next: 46%
Magic:  4/4        EV: 11    Int:  5    God:
Gold:   75         SH:  4    Dex: 10    Spells: 4/4 levels left

rFire   . . .      SeeInvis .   a - +0 trident
rCold   . . .      Faith    .   c - +0 buckler
rNeg    . . .      Spirit   .   (no body armour)
rPois   .          Reflect  .   (helmet restricted)
rElec   .          Harm     .   (no cloak)
rCorr   .          Rampage  .   (no gloves)
Will    .....                   (no boots)
Stlth   +.........              (no amulet)
HPRegen 0.15/turn               (no ring)
MPRegen 0.09/turn               (no ring)

@: no status effects
A: horns 2, retaliatory headbutt
a: no special abilities


You were in a sewer.
You visited 1 branch of the dungeon, and saw 3 of its levels.
You also visited: Sewer.

You collected 75 gold pieces.

Inventory:

Hand Weapons
 a - a +0 trident (weapon)
Armour
 b - a +0 scale mail
 c - a +0 buckler (worn)
 n - a +0 plate armour
Jewellery
 f - a +6 ring of strength
Wands
 l - a wand of acid (11)
Scrolls
 e - a scroll of amnesia {unknown}
 g - a scroll of enchant weapon {unknown}
 h - 3 scrolls of identify {unknown}
 j - 2 scrolls of magic mapping {unknown}
 m - a scroll of immolation {unknown}
 o - 2 scrolls of enchant armour {unknown}
 p - a scroll of butterflies {unknown}
 r - a scroll of teleportation {unknown}
 s - a scroll of blinking {unknown}
Potions
 d - 3 potions of might
 i - 2 potions of curing {unknown}
 k - 2 potions of mutation {unknown}
 q - 2 potions of degeneration {unknown}
 t - a potion of brilliance {unknown}
 u - a potion of haste {unknown}


   Skills:
 * Level 4.6 Fighting
 * Level 3.7 Polearms
 * Level 4.6 Armour
 * Level 2.3 Dodging
 * Level 4.6 Shields


You had 4 spell levels left.
You didn't know any spells.
Your spell library contained the following spells:

 Spells                   Type           Power      Damage    Failure   Level
 Magic Dart               Conj           0%         1d3       56%         1
 Blink                    Tloc           0%         N/A       71%         2
 Searing Ray              Conj           0%         2d4       71%         2
 Fulminant Prism          Conj/Hex       0%         3d6       100%        4
 Manifold Assault         Tloc           0%         N/A       100%        5
 Storm Form               Tmut/Air       0%         N/A       100%        7


Dungeon Overview and Level Annotations

Branches:
Dungeon (3/15)              Sewer (1/1)

Altars:

Shops:
D:1 *


Innate Abilities, Weirdness & Mutations

You have a pair of horns on your head.
You reflexively headbutt those who attack you in melee.


Message History

HP restored.
You see here an adder corpse.
You open the door. 4 kobolds and a kobold brigand come into view.
A kobold is wielding a +2 short sword of electrocution.
The kobold brigand is wielding a +0 dagger and quivering poisoned darts.
The kobold shouts! x2; The kobold brigand shouts!
The kobold shouts!
Found four items.
The kobold shouts!
You reach to attack!
You barely miss the kobold. You closely miss the kobold.
You block the kobold's attack.
The kobold hits you with a +0 short sword.
You barely miss the kobold. You headbutt the kobold.
You kill the kobold!
You closely miss the kobold. Your headbutt misses the kobold.
The kobold closely misses you. You furiously retaliate!
You headbutt the kobold, but do no damage.
You closely miss the kobold.
You headbutt the kobold, but do no damage.
You closely miss the kobold.
The kobold hits you with a +2 short sword of electrocution.
You are electrocuted!
You barely miss the kobold brigand.
The kobold hits you with a +2 short sword of electrocution.
You are electrocuted!!
* * * LOW HITPOINT WARNING * * *
You are too injured to fight recklessly!
You are too injured to fight recklessly!
You hit the kobold brigand.
The kobold brigand is lightly wounded.
You block the kobold's attack. You block the kobold brigand's attack.
You puncture the kobold brigand!
The kobold brigand is heavily wounded.
The kobold hits you with a +2 short sword of electrocution.
* * * LOW HITPOINT WARNING * * *
You closely miss the kobold brigand. You headbutt the kobold brigand.
The kobold brigand is heavily wounded.
The kobold brigand hits you with a +0 dagger.
* * * LOW HITPOINT WARNING * * *
The kobold hits you with a +2 short sword of electrocution.
You die...

## ## #######
######..#?!# #.....##
###....#....!#
.......####.....KKK...#
..###.......†...@#K...!#
.###.....†....~..# .#!!#
..##.....##...~≈≈# # #
........####~.≈~≈≈≈≈
...~~~~##~≈~≈~~≈≈≈≈≈
..≈~≈≈≈≈≈≈≈≈≈≈≈≈≈≈≈≈≈ #
≈≈≈≈≈≈≈≈≈≈≈≈≈≈≈≈≈≈≈≈≈ ≈#
≈≈≈≈≈≈≈≈≈≈≈≈≈≈≈≈≈≈≈≈ ≈#
≈~≈≈≈≈≈≈≈≈≈≈≈≈≈≈≈≈≈ ≈≈#


You could see a kobold brigand and 2 kobolds.

Vanquished Creatures
  A necrophage (D:3)
  2 adders
  3 river rats (Sewer)
  A worm (D:3)
  3 dart slugs (D:2)
  4 ball pythons
  4 bats
  10 endoplasms
  3 giant cockroaches
  8 goblins
  4 hobgoblins
  2 jackals (D:1)
  10 kobolds
  4 quokkas
  7 frilled lizards
  19 rats
85 creatures vanquished.

Notes
Turn   | Place    | Note
-------+----------+-------------------------------------------
     0 | D:1      | Earthwalker the Minotaur Fighter began the quest for the
                  | Orb.
     0 | D:1      | Reached XP level 1. HP: 19/19 MP: 0/0
    40 | D:1      | Found a faded altar of an unknown god.
    83 | D:1      | Reached XP level 2. HP: 27/27 MP: 1/1
   275 | D:1      | Reached skill level 1 in Dodging
   314 | D:1      | Found Dausopr Taef's Assorted Antiques.
   524 | D:1      | Reached XP level 3. HP: 28/33 MP: 2/2
  1791 | D:2      | Reached XP level 4. HP: 34/40 MP: 3/3
  2088 | D:3      | Found a glowing drain.
  2197 | D:3      | Noticed a necrophage
  2207 | D:3      | Killed a necrophage
  2208 | D:3      | Reached XP level 5. HP: 27/47 MP: 4/4
  2223 | Sewer    | Entered a sewer
  3075 | Sewer    | HP: 1/47 [kobold brigand/+0 dagger (5)]
  3075 | Sewer    | Slain by a kobold

Illustrated notes

Levels and vault maps discovered:
D:1:      giann_bridges, layout_basic, ebering_ecumenical_altar_ruins,
          serial_shops, shop, roderic_lattice_a, serial_bayou_pond_b,
          minmay_tromino_i2
D:2:      layout_basic
D:3:      layout_basic, cheibrodos_sewer_entry_drain, serial_glass,
          glass_columns_b, glass_columns_a, glass_columns_b, glass_columns_a
Sewer:    sewer_minmay_treatment

Skill      XL: |  1  2  3  4 |
---------------+-------------+-----
Dodging        | 1 2 |  2.3
Fighting       | 4 |  4.6
Armour         | 4 |  4.6
Shields        | 4 |  4.6
Polearms       | 3 |  3.7

Action                   |  1- 3 |  4- 6 || total
-------------------------+-------+-------++-------
Melee: Trident           |   102 |   105 ||   207
       Headbutt          |     7 |    12 ||    19
 Stab: Sleeping          |       |     1 ||     1
Armor: Scale mail        |    19 |       ||    19
Dodge: Dodged            |    33 |    26 ||    59
Block: Buckler           |    10 |    15 ||    25
